 Dungeon Crawl Stone Soup version 0.28-a0-861-ge64d6db94f (webtiles) character file.

Game seed: 2239122352403253333

93102 vurker the Thaumaturge (level 15, -15/130 HPs)
             Began as a Demigod Air Elementalist on Nov 15, 2021.
             Demolished by a frost giant (37 damage)
             ... on level 14 of the Dungeon.
             The game lasted 00:53:12 (46778 turns).

vurker the Thaumaturge (Demigod Air Elementalist)  Turns: 46778, Time: 00:53:12

Health: -15/130    AC:  8    Str: 12    XL:     15   Next: 17%
Magic:  29/48      EV: 12    Int: 37    God:
Gold:   410        SH:  6    Dex: 16    Spells: 25/43 levels left

rFire   x . .      SeeInvis .   h - +5 dagger (venom)
rCold   + . .      Faith    .   d - +1 buckler of Qecebuorph {Will+ Str+3}
rNeg    . . .      Spirit   .   F - +1 robe {Will+}
rPois   .          Reflect  .   u - +1 hat {Stlth+}
rElec   +          Harm     .   G - +0 cloak
rCorr   .          Rampage  .   N - +1 pair of gloves
Will    +++..                   O - +0 pair of boots
Stlth   +++.......              (no amulet)
HPRegen 0.31/turn               e - ring "Oxaer" {rElec MP+9 Dex+2}
MPRegen 0.31/turn               s - ring of ice

@: about to teleport, studying Evocations
A: high mp 1, forlorn
a: no special abilities


You were on level 14 of the Dungeon.
You visited 3 branches of the dungeon, and saw 22 of its levels.
You also visited: Ossuary.

You collected 2058 gold pieces.
You spent 1648 gold pieces at shops.

Inventory:

Hand Weapons
 h - a +5 dagger of venom (weapon)
   (You took it off a goblin on level 2 of the Dungeon)
Armour
 a - +0 acid dragon scales
   (You found it on level 11 of the Dungeon)
 d - the +1 buckler of Qecebuorph (worn) {Will+ Str+3}
   (You bought it in a shop on level 2 of the Orcish Mines)

   Str:       It affects your strength (+3).
   Will:      It increases your willpower.
 u - a +1 hat of stealth (worn)
   (You took it off Gastronok on level 8 of the Dungeon)
 v - a +1 helmet
   (You found it on level 6 of the Lair of Beasts)
 F - a +1 robe of willpower (worn)
   (You took it off an orc wizard on level 7 of the Dungeon)
 G - a +0 cloak (worn)
   (You took it off Maurice on level 9 of the Dungeon)
 N - a +1 pair of gloves (worn)
   (You found it on level 4 of the Lair of Beasts)
 O - a +0 pair of boots (worn)
   (You found it on level 13 of the Dungeon)
Magical Staves
 o - a staff of cold
   (You found it on level 2 of the Dungeon)
 r - a staff of earth
   (You found it on level 3 of the Dungeon)
 I - a staff of conjuration
   (You found it on level 6 of the Lair of Beasts)
Jewellery
 e - the ring "Oxaer" (left hand) {rElec MP+9 Dex+2}
   (You found it on level 1 of the Lair of Beasts)

   [ring of magical power]

   Dex:       It affects your dexterity (+2).
   rElec:     It insulates you from electricity.
   MP:        It affects your magic capacity (+9).
 g - a ring of fire
   (You found it on level 1 of the Dungeon)
 l - a ring of protection from fire
   (You found it on level 2 of the Dungeon)
 s - a ring of ice (right hand)
   (You found it on level 4 of the Dungeon)
 z - a ring of flight
   (You found it on level 6 of the Dungeon)
 J - a ring of poison resistance
   (You found it on level 3 of the Lair of Beasts)
Wands
 i - a wand of charming (11)
   (You found it on level 5 of the Dungeon)
 j - a wand of polymorph (16)
   (You took it off Natasha on level 1 of the Dungeon)
 t - a wand of flame (30)
   (You found it on level 2 of the Dungeon)
 M - a wand of mindburst (14)
   (You found it on level 4 of the Lair of Beasts)
Scrolls
 c - 6 scrolls of magic mapping
 f - 8 scrolls of amnesia
 y - 2 scrolls of teleportation
 C - 3 scrolls of immolation
 D - 6 scrolls of identify
 K - 6 scrolls of enchant armour
 L - a scroll of fog
Potions
 b - 4 potions of ambrosia
 k - 5 potions of mutation
 m - 16 potions of curing
 p - 9 potions of heal wounds
 q - 3 potions of invisibility
 w - 4 potions of magic
 A - 5 potions of brilliance
 B - a potion of resistance
 E - 5 potions of haste
 H - 2 potions of lignification


   Skills:
 + Level 11.3 Fighting
 - Level 1.7 Dodging
 - Level 1.7 Stealth
 * Level 3.8 Shields
 * Level 14.8 Spellcasting
 - Level 3.0 Conjurations
 * Level 12.8 Ice Magic
 - Level 11.0 Air Magic
 - Level 3.0 Poison Magic


You had 25 spell levels left.
You knew the following spells:

 Your Spells              Type           Power      Damage    Failure   Level
a - Shock                 Conj/Air       100%       1d9       1%          1
b - Polar Vortex          Ice            55%        N/A       100%        9
c - Airstrike             Air            41%        N/A       1%          4
q - Olgreb's Toxic Radia  Pois           49%        N/A       3%          4

Your spell library contained the following spells:

 Spells                   Type           Power      Damage    Failure   Level
 Freeze                   Ice            100%       1d11      0%          1
 Sting                    Tmut/Pois      100%       1d8       1%          1
 Blink                    Tloc           54%        N/A       1%          2
 Corpse Rot               Necr/Air       100%       N/A       1%          2
 Poisonous Vapours        Pois/Air       100%       N/A       1%          2
 Static Discharge         Conj/Air       68%        N/A       1%          2
 Swiftness                Air            83%        N/A       1%          3
 Summon Ice Beast         Ice/Summ       85%        N/A       1%          4
 Summon Lightning Spire   Summ/Air       61%        N/A       1%          4
 Stone Arrow              Conj/Erth      76%        3d11      2%          3
 Metabolic Englaciation   Hex/Ice        42%        N/A       2%          5
 Call Canine Familiar     Summ           27%        N/A       4%          3
 Gell's Gravitas          Tloc           27%        N/A       4%          3
 Lesser Beckoning         Tloc           27%        N/A       4%          3
 Portal Projectile        Hex/Tloc       54%        N/A       4%          3
 Teleport Other           Tloc           27%        N/A       4%          3
 Tukima's Dance           Hex            27%        N/A       4%          3
 Animate Armour           Summ/Erth      54%        N/A       13%         4
 Leda's Liquefaction      Hex/Erth       13%        N/A       13%         4
 Passage of Golubria      Tloc           27%        N/A       13%         4
 Manifold Assault         Tloc           27%        N/A       36%         5
 Summon Forest            Summ/Tloc      13%        N/A       36%         5
 Yara's Violent Unravell  Hex/Tmut       13%        3d7       36%         5
 Eringya's Noxious Bog    Tmut/Pois      19%        N/A       73%         6
 Storm Form               Tmut/Air       30%        N/A       75%         7
 Summon Hydra             Summ           13%        N/A       100%        7
 Lehudib's Crystal Spear  Conj/Erth      19%        10d6      100%        8


Dungeon Overview and Level Annotations

Branches:
Dungeon (14/15)            Temple (0/1) D:4            Lair (6/6) D:9
  Swamp (0/4) Lair:4       Spider (0/4) Lair:2        Slime (0/5) Lair:6
    Orc (2/2) D:9             Elf (0/3) Orc:2       Ossuary (visited)
 Vaults: D:13-14

Shops:
D:9 [   D:10 (   D:12 *!(?[   Orc:2 [=([

Annotations:
D:8 2 transporters
D:13 3 runed translucent doors, Megustar's ghost, journeyman DEFE


Innate Abilities, Weirdness & Mutations

Your attributes grow dramatically as you level up.
You have an increased reservoir of magic. (+10% MP)
You shall have no god before yourself.


Message History

Aim: a tengu warrior, wielding a +0 glaive and wearing a +0 leather armour (lightly wounded, empty space bonus: 3/8)
The air twists around and strikes the tengu warrior!
You block the tengu warrior's attack.
Aim: a tengu warrior, wielding a +0 glaive and wearing a +0 leather armour (heavily wounded, empty space bonus: 3/8)
The air twists around and strikes the tengu warrior!
The tengu warrior completely misses you.
Aim: a tengu warrior, wielding a +0 glaive and wearing a +0 leather armour (severely wounded, empty space bonus: 3/8)
The air twists around and strikes the tengu warrior!
The tengu warrior hits you from afar with a +0 glaive!
Aim: a tengu warrior, wielding a +0 glaive and wearing a +0 leather armour (almost dead, empty space bonus: 3/8)
The air twists around and strikes the tengu warrior!
You kill the tengu warrior!
You hear a splash. x2
A catoblepas comes into view.
There is a stone staircase leading up here.
A frost giant is nearby!
You climb upwards.
Level annotation: 3 runed translucent doors, Megustar's ghost, journeyman DEFE
There is a stone staircase leading down here.
There is a stone staircase leading down, spattered with blood here.
Okay, then.
You climb downwards.
There is a stone staircase leading up, spattered with blood here.
Aim: a frost giant, wielding a +0 battleaxe of freezing and wearing the ring "Duysa" {Fly rElec rC- Will+} (wandering, hasn't noticed you, empty space bonus: 7/8)
The air twists around and strikes the frost giant!
The frost giant shouts!
Aim: a frost giant, wielding a +0 battleaxe of freezing and wearing the ring "Duysa" {Fly rElec rC- Will+} (lightly wounded, empty space bonus: 7/8)
The air twists around and strikes the frost giant!
The frost giant hits you with a +0 battleaxe of freezing!
The frost giant freezes you.
Aim: a frost giant, wielding a +0 battleaxe of freezing and wearing the ring "Duysa" {Fly rElec rC- Will+} (moderately wounded, empty space bonus: 7/8)
The air twists around and strikes the frost giant!
The frost giant hits you with a +0 battleaxe of freezing!!
The frost giant freezes you.
Aim: a frost giant, wielding a +0 battleaxe of freezing and wearing the ring "Duysa" {Fly rElec rC- Will+} (moderately wounded, empty space bonus: 7/8)
The air twists around and strikes the frost giant!
The frost giant hits you with a +0 battleaxe of freezing!!
* * * LOW HITPOINT WARNING * * *
The frost giant freezes you.
* * * LOW HITPOINT WARNING * * *
Aim: a frost giant, wielding a +0 battleaxe of freezing and wearing the ring "Duysa" {Fly rElec rC- Will+} (heavily wounded, empty space bonus: 7/8)
The air twists around and strikes the frost giant!
The frost giant hits you with a +0 battleaxe of freezing!!
* * * LOW HITPOINT WARNING * * *
The frost giant freezes you.
* * * LOW HITPOINT WARNING * * *
As you read the scroll of teleportation, it crumbles to dust.
You feel strangely unstable.
The frost giant hits you with a +0 battleaxe of freezing!!!
You die...

#.. #
#..######.#
#..#<....#
#...)....#
##......##
#..)...#
####.?)..##
#.....)..#
#....@C.##
#.(.....#
#.....(.#
#.>.......
#......(8[.
#.....?(....#
######..#..#.
..#.#)


You could see a frost giant.

Vanquished Creatures
  Gastronok (D:8)
  Frances (D:13)
  Kirke (D:12)
  A frost giant (D:14)
  An ettin (shapeshifter) (D:14)
  A boulder beetle (D:13)
  5 hydras
  4 ogre magi
  2 centaur warriors
  18 two-headed ogres
  14 death yaks
  A tengu warrior (D:14)
  A deep troll earth mage (D:13)
  Nergalle (Lair:4)
  4 skeletal warriors (D:14)
  A lindwurm (Lair:6)
  2 orc knights
  3 deep elf pyromancers
  An orc sorcerer (D:13)
  3 ugly things
  3 oklob plants (Lair:1)
  6 cyclopes
  Joseph (D:8)
  Maurice (D:9)
  14 elephants
  20 cane toads
  A torpor snail (Lair:3)
  4 black mambas
  3 unseen horrors
  An efreet (D:14)
  7 komodo dragons
  A freezing wraith (D:14)
  2 rime drakes
  9 trolls
  22 blink frogs
  A polar bear (Lair:4)
  3 tyrant leeches (Lair:6)
  7 dream sheep (Lair:4)
  5 slime creatures
  A centaur simulacrum (D:14)
  2 meliai zombies (D:11)
  5 wyverns
  42 yaks
  3 vampires
  3 wraiths
  A shadow (D:10)
  3 redbacks (Lair:2)
  A human (D:13)
  4 hogs
  5 basilisks
  9 vampire mosquitoes
  3 steam dragons
  2 acid dragons
  A warg (Orc:1)
  A swamp drake (D:9)
  6 water moccasins
  A hornet zombie (D:7)
  21 orc warriors
  4 black bears
  3 sky beasts
  3 necrophages
  29 ogres
  A boggart (D:13)
  23 centaurs
  7 wolves
  2 kobold brigands
  19 bullfrogs
  2 scorpions
  2 wights (D:7)
  6 electric eels
  8 howler monkeys
  8 centaur zombies
  3 bullfrog zombies
  6 hounds
  A gnoll shaman (D:6)
  A human zombie (D:7)
  16 orc priests
  A bullfrog skeleton (D:4)
  A centaur skeleton (D:5)
  Natasha (thrice) (D:1)
  20 orc wizards
  3 iguanas
  5 killer bee zombies
  A hound zombie (D:5)
  A hound skeleton (D:4)
  8 mummies (Ossuary)
  A howler monkey zombie (D:7)
  12 gnolls
  7 adders
  A howler monkey skeleton (D:7)
  2 shadow imps
  A white imp (D:7)
  2 ufetubi
  3 adder skeletons
  A worm (D:3)
  2 dart slugs (D:3)
  69 orcs
  8 bats
  12 endoplasms
  2 gnoll zombies (Ossuary)
  9 goblins
  7 hobgoblins
  3 jackals (D:4)
  4 quokkas
  9 ball pythons
  4 frilled lizards
  A hobgoblin zombie (Ossuary)
  16 kobolds
  5 kobold zombies (Ossuary)
  7 rats
666 creatures vanquished.

Vanquished Creatures (collateral kills)
  A two-headed ogre (Orc:1)
  An ogre (Orc:1)
2 creatures vanquished.

Vanquished Creatures (others)
  A vault guard (D:14)
  An orc wizard (Orc:2)
  27 fungi
  93 plants
122 creatures vanquished.

Grand Total: 790 creatures vanquished

Notes
Turn   | Place    | Note
-------+----------+-------------------------------------------
     0 | D:1      | vurker the Demigod Air Elementalist began the quest for the
                  | Orb.
     0 | D:1      | Reached XP level 1. HP: 14/14 MP: 5/5
   107 | D:1      | Reached skill level 1 in Conjurations
   294 | D:1      | Reached skill level 2 in Spellcasting
   386 | D:1      | Reached XP level 2. HP: 20/20 MP: 7/7
  1109 | D:2      | Noticed Natasha
  1111 | D:2      | Reached XP level 3. HP: 21/27 MP: 1/8
  1177 | D:1      | Killed Natasha
  1178 | D:1      | Reached skill level 1 in Fighting
  1445 | D:1      | Noticed Natasha
  1456 | D:1      | Killed Natasha
  1457 | D:1      | Reached XP level 4. HP: 35/35 MP: 4/10
  1558 | D:1      | Noticed Natasha
  1681 | D:1      | Killed Natasha
  2958 | D:3      | Noticed a +0 hand axe
  2958 | D:3      | Noticed a +0 dagger
  3308 | D:3      | Reached skill level 3 in Spellcasting
  3308 | D:3      | Reached XP level 5. HP: 35/40 MP: 4/12
  3679 | D:4      | Reached XP level 6. HP: 29/48 MP: 3/14
  4087 | D:4      | Found a staircase to the Ecumenical Temple.
  5207 | D:5      | Entered Level 5 of the Dungeon
  5247 | D:5      | Reached skill level 4 in Spellcasting
  5324 | D:4      | Learned a level 4 spell: Airstrike
  5335 | D:5      | Reached skill level 5 in Air Magic
  5364 | D:5      | Reached XP level 7. HP: 44/56 MP: 13/16
  6330 | D:6      | Reached skill level 5 in Spellcasting
  6621 | D:6      | Reached XP level 8. HP: 63/63 MP: 13/19
  6670 | D:6      | Found a sand-covered staircase.
  6684 | Ossuary  | Entered an ossuary
  7920 | D:6      | Reached skill level 6 in Spellcasting
  9244 | D:7      | Reached XP level 9. HP: 72/72 MP: 13/22
 10230 | D:7      | Reached skill level 7 in Spellcasting
 10417 | D:7      | Reached skill level 5 in Fighting
 11396 | D:8      | Noticed Joseph
 11573 | D:8      | Noticed a two-headed ogre
 11573 | D:8      | Noticed Gastronok
 12060 | D:8      | Killed Gastronok
 12061 | D:8      | Reached skill level 8 in Spellcasting
 12061 | D:8      | Reached XP level 10. HP: 34/83 MP: 1/26
 12447 | D:8      | Found a transporter.
 12453 | D:8      | Noticed a moth of wrath
 12455 | D:8      | Found a transporter.
 12541 | D:8      | Killed Joseph
 13345 | D:9      | Found a staircase to the Lair.
 13713 | D:9      | Found a staircase to the Orcish Mines.
 14229 | D:9      | Found Ulil's Antique Armour Boutique.
 14631 | D:9      | Noticed Maurice
 14635 | D:9      | Killed Maurice
 14636 | D:9      | Reached skill level 10 in Air Magic
 14747 | D:10     | Entered Level 10 of the Dungeon
 14766 | D:10     | Noticed a two-headed ogre
 14780 | D:10     | Reached skill level 9 in Spellcasting
 15251 | D:10     | Identified a scroll of acquirement
 15251 | D:10     | Acquired Sif Muna's Volume of the Feathery Snowflakes
 15263 | D:10     | Learned a level 9 spell: Polar Vortex
 15267 | D:10     | Killed a two-headed ogre
 15535 | D:10     | Reached skill level 1 in Ice Magic
 15697 | D:10     | Found Lol Roew's Weapon Emporium.
 15834 | D:10     | Noticed a two-headed ogre
 15839 | D:10     | Killed a two-headed ogre
 15840 | D:10     | Reached XP level 11. HP: 91/91 MP: 8/28
 17121 | D:11     | Noticed a boulder beetle
 17424 | D:11     | Noticed a deep elf pyromancer
 17966 | D:11     | Noticed an eight-headed hydra
 17966 | D:11     | a boulder beetle changed into an eight-headed hydra
 18531 | D:11     | Reached skill level 10 in Spellcasting
 19112 | D:11     | Noticed a two-headed ogre
 19117 | D:11     | Killed a two-headed ogre
 19303 | D:11     | Killed an eight-headed hydra
 19315 | D:11     | Killed a deep elf pyromancer
 19762 | Lair:1   | Entered Level 1 of the Lair of Beasts
 19878 | Lair:1   | Reached skill level 5 in Ice Magic
 20208 | Lair:1   | Learned a level 4 spell: Olgreb's Toxic Radiance
 20408 | Lair:1   | Reached skill level 1 in Poison Magic
 21283 | Lair:1   | Reached XP level 12. HP: 61/101 MP: 7/31
 21730 | Lair:1   | Identified the ring "Oxaer" {rElec MP+9 Dex+2}
 22639 | Lair:2   | Noticed a boulder beetle
 22645 | Lair:2   | a boulder beetle changed into a slime creature
 23094 | Lair:2   | Reached skill level 11 in Spellcasting
 23597 | Lair:2   | Found a hole to the Spider Nest.
 23639 | Lair:2   | Identified the +9 flail of Ruination {protect, rF- Will+
                  | Int+6}
 24278 | Lair:2   | Found a hole to the Spider Nest.
 25179 | Lair:3   | Noticed an eight-headed hydra
 25183 | Lair:3   | Killed an eight-headed hydra
 28687 | Lair:4   | Reached skill level 12 in Spellcasting
 28766 | Lair:4   | Reached XP level 13. HP: 91/111 MP: 13/33
 29742 | Lair:4   | Found a staircase to the Swamp.
 30285 | Lair:4   | Noticed Nergalle
 30328 | Lair:4   | Killed Nergalle
 30993 | Lair:5   | Identified the +12 falchion "Ufoehang" {freeze, rCorr}
 31745 | Lair:5   | Reached skill level 10 in Ice Magic
 32246 | Lair:5   | Reached skill level 13 in Spellcasting
 32655 | Lair:6   | Entered Level 6 of the Lair of Beasts
 33029 | Lair:6   | Reached skill level 10 in Fighting
 33131 | Lair:6   | Got the Incunabulum of Congealing Flight
 33150 | Lair:6   | Found a staircase to the Slime Pits.
 34081 | Lair:6   | Reached XP level 14. HP: 121/121 MP: 12/36
 35607 | Orc:1    | Entered Level 1 of the Orcish Mines
 36210 | Orc:2    | Entered Level 2 of the Orcish Mines
 36841 | Orc:1    | Paralysed by something for 7 turns
 37595 | Orc:2    | Found Nuekiwk's Armour Shop.
 37595 | Orc:2    | Found Fisipaeh's Antique Weapon Shoppe.
 38118 | Orc:2    | Reached skill level 14 in Spellcasting
 40383 | Orc:2    | Found Plog's Jewellery Shoppe.
 40383 | Orc:2    | Found Byej Lese's Antique Armour Boutique.
 40618 | Orc:2    | Found a staircase to the Elven Halls.
 40913 | Orc:2    | Bought the +1 buckler of Qecebuorph {Will+ Str+3} for 426
                  | gold pieces
 41390 | D:12     | Found Geotro's Weapon Shop.
 42541 | D:12     | Found Veuxyogi's Magic Scroll Shoppe.
 42554 | D:12     | Reached skill level 1 in Shields
 42614 | D:12     | Bought a scroll of teleportation for 45 gold pieces
 42614 | D:12     | Bought a scroll of blinking for 112 gold pieces
 42614 | D:12     | Bought a scroll of fog for 30 gold pieces
 42756 | D:12     | Found Anlearch's Distillery.
 42759 | D:12     | Found Amigior's General Store.
 42814 | D:12     | Bought a potion of heal wounds for 75 gold pieces
 42814 | D:12     | Bought a potion of haste for 150 gold pieces
 42814 | D:12     | Bought a potion of haste for 150 gold pieces
 42814 | D:12     | Bought a potion of heal wounds for 75 gold pieces
 42814 | D:12     | Bought a potion of magic for 120 gold pieces
 42814 | D:12     | Bought a potion of haste for 150 gold pieces
 42814 | D:12     | Bought a potion of heal wounds for 75 gold pieces
 42819 | D:12     | Bought 3 potions of heal wounds for 240 gold pieces
 42883 | D:12     | Found Coj Tofe's Armour Shop.
 43032 | D:13     | Noticed Kirke
 43357 | D:12     | Killed Kirke
 43720 | D:13     | You fall into a shaft and drop 1 floor!
 43743 | D:13     | Noticed Frances
 43762 | D:13     | Killed Frances
 44036 | D:13     | Found a runed translucent gate.
 44256 | D:13     | Found a runed translucent gate.
 44256 | D:13     | Found a runed translucent gate.
 44257 | D:13     | Noticed Megustar's ghost (journeyman DEFE)
 44753 | D:14     | Reached XP level 15. HP: 112/130 MP: 16/38
 46486 | D:14     | Identified the ring "Duysa" {Fly rElec rC- Will+}
 46778 | D:14     | Demolished by a frost giant

Illustrated notes

Levels and vault maps discovered:
D:1:      amcnicky_arrival_double_pillar, layout_rooms
D:2:      layout_rooms, ebering_ecumenical_altar_petrified, uniq_natasha
D:3:      layout_basic, mainiacjoe_overflow_chevrons, dancing_weapons_uskayaw
D:4:      layout_loops_corners, marbit_many_paths, mainiacjoe_overflow_alcove_2,
          minmay_temple_entry_ruins, minmay_fractal_squares_gapless_5
D:5:      layout_rooms, lemuel_round_altar, vehumet_altar_wand_db
D:6:      layout_basic, enter_ossuary_1, hangedman_decor_clover_reticule,
          kennysheep_decorative_pillar, serial_bayou_pond_c
D:7:      layout_rooms, lemuel_mausoleum_altar_kikubaaqudgha,
          nicolae_dithmenos_through_a_glass_darkly, serial_rivers,
          chequers_serial_rivers_small_b, chequers_serial_rivers_micro_c,
          chequers_serial_rivers_small_b, chequers_serial_rivers_large_a,
          chequers_serial_rivers_micro_d, chequers_serial_rivers_micro_e,
          minmay_door_square, chequers_avenue, minmay_manual_monolith
D:8:      layout_cave_pools, enter_bailey_2, gammafunk_ghost_wrathful_warriors,
          uniq_joseph, uniq_gastronok
D:9:      layout_rooms, nicolae_sif_muna_condensation, dpeg_oklobed_lair,
          erik_orc_1, serial_shops, nicolae_shop_overgrown_old_shop,
          uniq_maurice
D:10:     layout_irregular_city, mainiacjoe_overflow_paths,
          mainiacjoe_overflow_concentric_impassable, zin_academy, tgw_xom,
          serial_shops, nicolae_shop_trees
D:11:     wad_arrow_thing, layout_irregular_city, gauntlet_entry_generic,
          minivault_23, lemuel_flamethrower_2
D:12:     layout_loops_ring, serial_shops, nicolae_shop_waterfront,
          shop_fountains, nicolae_shop_stone, nicolae_shop_bloodbath_and_beyond,
          shop
D:13:     layout_rooms, gammafunk_ghost_necromancy, uniq_frances, uniq_kirke
D:14:     minmay_complete_graph, layout_rooms, ximxim_vaults_locker_room,
          grunt_decor_junction, portal_ice_cave_entry_horrid_things
Lair:1:   dpeg_oklob_gauntlet, layout_regular_city, nicolae_volcano_entry_s_turn
Lair:2:   layout_regular_city, spider_nest_entry_webs, serial_bayou_pond_a,
          nzn_masters_of_martial_movement
Lair:3:   layout_cave_pods, minmay_holes, grunt_megastairs_3
Lair:4:   layout_regular_city, swamp_mist, basic_altar, uniq_nergalle
Lair:5:   layout_roguey, serial_bayou_shore_a
Lair:6:   minmay_lair_end_frog_pond, layout_hall_layers, slime_altar_1,
          basic_altar, serial_bayou_shore_b, infiniplex_staircase_pool
Orc:1:    layout_caves
Orc:2:    st_orc_ogre_mass, layout_caves, basic_altar

Skill      XL: |  1  2  3  4  5  6  7  8  9 10 11 12 13 14 15 |
---------------+----------------------------------------------+-----
Conjurations   | 1 2 3 |  3.0
Spellcasting   | 2 3 4 5 6 8 9 10 12 13 14 | 14.8
Air Magic      | 3 4 5 6 7 9 10 11 | 11.0
Fighting       | 1 2 3 4 5 6 8 9 10 11 | 11.3
Ice Magic      | 1 5 8 10 12 | 12.8
Poison Magic   | 1 3 |  3.0
Shields        | 2 3 |  3.8
Dodging        | |  1.7
Stealth        | |  1.7

Action                   |  1- 3 |  4- 6 |  7- 9 | 10-12 | 13-15 || total
-------------------------+-------+-------+-------+-------+-------++-------
Melee: Dagger            |     1 |     2 |    22 |    30 |    24 ||    79
       Unarmed           |       |     1 |       |       |       ||     1
 Cast: Shock             |    77 |   168 |   109 |    72 |    28 ||   454
       Airstrike         |       |       |   164 |   359 |   539 ||  1062
       Olgreb's Toxic Ra |       |       |       |    56 |   122 ||   178
Evoke: Wand              |       |       |    11 |     9 |    12 ||    32
  Use: Scroll            |       |     9 |    14 |    11 |    10 ||    44
       Potion            |       |       |     1 |     2 |     9 ||    12
 Stab: Sleeping          |     1 |       |       |       |       ||     1
Armor: Robe              |     2 |     6 |    11 |    80 |    78 ||   177
Dodge: Dodged            |     6 |    36 |    56 |   121 |   210 ||   429
Block: Buckler           |       |       |       |       |    38 ||    38

Table legend: (Time is in decaauts)
 A = Elapsed time spent in this place.
 B = Non-inter-level travel time spent in this place.
 C = Inter-level travel time spent in this place.
 D = Time resting spent in this place.
 E = Time spent auto-exploring this place.
 F = Levels seen in this place.
 G = Mean time per level.
                   A        B        C        D        E       F      G
               +--------+--------+--------+--------+--------+-----+--------+
         Total |  46962 |  44957 |   2005 |   9102 |  30669 |  23 | 2041.8 |
       Dungeon |  25330 |  23990 |   1340 |   4379 |  17070 |  14 | 1809.3 |
          Lair |  15855 |  15370 |    485 |   2341 |  11130 |   6 | 2642.5 |
  Orcish Mines |   5228 |   5049 |    179 |   2370 |   2080 |   2 | 2614.0 |
       Ossuary |    548 |    548 |      0 |     12 |    389 |   1 |  548.0 |
               +--------+--------+--------+--------+--------+-----+--------+

Top non-repeatable levels by time:
   Orc:1: 4489 daAuts
    D:11: 3728 daAuts
     D:7: 3576 daAuts
  Lair:1: 3133 daAuts
  Lair:3: 3117 daAuts
  Lair:2: 2704 daAuts
  Lair:5: 2648 daAuts
    D:13: 2524 daAuts
    D:10: 2192 daAuts
  Lair:4: 2160 daAuts
  Lair:6: 2091 daAuts
     D:1: 1916 daAuts
     D:4: 1914 daAuts
     D:9: 1821 daAuts
    D:12: 1752 daAuts
